 Dungeon Crawl Stone Soup version 0.20.1-1-g8b1a95d (webtiles) character file.

391 Gremour the Slasher (level 6, -1/37 HPs)
             Began as a Gargoyle Fighter on Nov 15, 2017.
             Killed by divine providence
             ... invoked by an orc priest
              (9 damage)
             ... on level 4 of the Dungeon on Nov 16, 2017.
             The game lasted 00:19:55 (3430 turns).

Gremour the Slasher (Gargoyle Fighter)              Turns: 3430, Time: 00:19:56

Health: -1/37      AC: 13    Str: 25    XL:     6   Next: 80%
Magic:  6/6        EV: 12    Int:  8    God:
Gold:   205        SH: 10    Dex: 16    Spells: 5/5 levels left

rFire    . . .     SeeInvis .   a - +0 long sword
rCold    . . .     Gourm    .   c - +0 shield
rNeg     + . .     Faith    .   b - +0 scale mail
rPois    ∞         Spirit   .   r - +2 hat
rElec    +         Reflect  .   (no cloak)
rCorr    .         Harm     .   (no gloves)
MR       .....                  (no boots)
Stlth    ++........             (no amulet)
Regen    0.2/turn               x - ring of stealth
MPRegen  0.1/turn               (no ring)

@: mighty, agile, slowed, very slow
A: negative energy resistance 1, electricity resistance, unbreathing,
petrification resistance, rot immunity, AC +4
a: no special abilities


You were on level 4 of the Dungeon.
You were not hungry.

You visited 1 branch of the dungeon, and saw 4 of its levels.

You collected 205 gold pieces.

Inventory:

Hand Weapons
 a - a +0 long sword (weapon)
 h - a +0 spear of venom
 v - a +1 mace of holy wrath
Armour
 b - a +0 scale mail (worn)
 c - a +0 shield (worn)
 r - a +2 hat (worn)
Jewellery
 x - a ring of stealth (left hand)
Wands
 p - a wand of lightning (10/15)
Scrolls
 e - a scroll of recharging {unknown}
 j - a scroll of fog {unknown}
 k - 4 scrolls of remove curse {unknown}
 l - 2 scrolls of teleportation
 n - 2 scrolls of fear {unknown}
 t - 3 scrolls of identify {unknown}
 u - 2 scrolls of enchant weapon {unknown}
Potions
 g - a potion of cancellation {unknown}
 i - a potion of mutation {unknown}
 m - a potion of agility
 o - a potion of curing {unknown}
 q - a potion of brilliance {unknown}
 s - a potion of magic {unknown}
 z - a potion of degeneration {unknown}
Comestibles
 f - 5 bread rations
 w - 2 chunks of flesh
 A - a royal jelly
 B - 4 fruits


   Skills:
 - Level 3.2 Fighting
 + Level 6.4 Long Blades
 - Level 3.2 Armour
 - Level 3.2 Shields


You had 5 spell levels left.
You didn't know any spells.

Dungeon Overview and Level Annotations

Branches:
Dungeon (4/15)
 Temple: D:4-7

Altars:
Kikubaaqudgha
Zin

Shops:
D:4 =:


Innate Abilities, Weirdness & Mutations

You are resistant to torment.
Your stone body is resilient. (AC +4)
You are immune to poison.
You resist negative energy. (rN+)
You are resistant to electric shocks. (rElec)
You can survive without breathing.
You are immune to petrification.
You are immune to rotting.


Message History

You barely miss the orc priest.
The orc priest is severely wounded.
The orc priest hits you with a flail of draining.
The orc priest mumbles some strange prayers to Beogh against you.
Beogh smites you!
* * * LOW HITPOINT WARNING * * *
You block the orc priest's attack.
It was a potion of agility.
You feel agile all of a sudden.
The orc priest hits you but does no damage.
You feel very mighty all of a sudden.
The orc priest looks braver for a moment.
You slash the orc priest!
You kill the orc priest!
The orc wizard casts a spell at you.
You feel as though you will be slow longer.
You block the orc wizard's attack.
The orc priest calls down the wrath of Beogh upon you.
Beogh smites you!
You die...

#........... ##### ##...........
##...## #............ #.....#
##..##........ #.....##
##..########### #......# ##..##
#......# ##..## #......#
######....### ####
#.....######.#oo@......### ##..##
......#......oo#####.....###.....
#........#.....## ##............
#....#####......### #.##.........
#...## ##.........###..###.......
##### #...........#...# ###.....
##.......#.......# #.....
#........##......# ##.....
#........###.....## #......


You could see an orc priest, an orc wizard and 2 orcs.

Vanquished Creatures
  An ogre (D:4)
  An orc priest (D:4)
  A hound (D:4)
  2 orc wizards
  An iguana (D:4)
  A worker ant (D:4)
  5 adders
  An ooze (D:3)
  4 worms
  2 dart slugs
  2 leopard geckos
  9 orcs
  3 giant cockroaches
  6 goblins
  4 hobgoblins
  4 jackals (D:3)
  A quokka (D:4)
  A ball python (D:4)
  5 bats
  3 frilled lizards
  10 kobolds
  A quokka skeleton (D:4)
  8 rats
76 creatures vanquished.

Notes
Turn   | Place    | Note
-------+----------+-------------------------------------------
     0 | D:1      | Gremour the Gargoyle Fighter began the quest for the Orb.
     0 | D:1      | Reached XP level 1. HP: 14/14 MP: 1/1
    22 | D:1      | Reached skill level 2 in Long Blades
   269 | D:1      | Reached XP level 2. HP: 19/19 MP: 2/2
   903 | D:2      | Reached skill level 3 in Long Blades
   955 | D:2      | Reached XP level 3. HP: 23/23 MP: 3/3
  1539 | D:2      | Found a glowing silver altar of Zin.
  1770 | D:3      | Reached XP level 4. HP: 20/28 MP: 4/4
  1820 | D:3      | Reached skill level 4 in Long Blades
  2209 | D:3      | Reached XP level 5. HP: 25/32 MP: 5/5
  2773 | D:4      | Reached skill level 5 in Long Blades
  2796 | D:4      | Found Leodiarch's Jewellery Shop.
  2846 | D:4      | Found an ancient bone altar of Kikubaaqudgha.
  3066 | D:4      | Reached XP level 6. HP: 27/37 MP: 6/6
  3087 | D:4      | Found Haajiwk's Book Emporium.
  3193 | D:4      | Reached skill level 6 in Long Blades
  3430 | D:4      | Killed from afar by an orc priest

Skill      XL: |  1  2  3  4  5  6 |
---------------+-------------------+-----
Long Blades    | 2 3 4 5 6 |  6.4
Fighting       | |  3.2
Armour         | |  3.2
Shields        | |  3.2

Action                   |  1- 3 |  4- 6 || total
-------------------------+-------+-------++-------
Melee: Long sword        |   117 |   199 ||   316
  Use: Scroll            |     1 |       ||     1
       Potion            |       |     2 ||     2
  Eat: Chunk             |     1 |     3 ||     4
       Meat ration       |     1 |       ||     1
Armor: Scale mail        |    49 |   111 ||   160
Dodge: Dodged            |    32 |    44 ||    76
Block: Shield            |    53 |    92 ||   145
       Rpst.: Long sword |    12 |    15 ||    27
